 Dungeon Crawl Stone Soup version 0.27-a0-760-gc38aae387d (webtiles) character file.

Game seed: 12666127952000767163

469 tsouns the Slasher (level 7, -11/55 HPs)
             Began as a Djinni Delver on Mar 25, 2021.
             Was a Plaything of Xom.
             Mangled by a gnoll shaman
             ... wielding a +0 whip
              (12 damage)
             ... on level 4 of the Dungeon.
             The game lasted 00:11:20 (4918 turns).

tsouns the Slasher (Djinni Delver)                  Turns: 4918, Time: 00:11:20

Health: -11/55     AC:  6    Str: 13    XL:     7   Next: 9%
Gold:   176        EV: 13    Int: 19    God:    Xom [......] SH:  0 Dex: 17

rFire    + + .     SeeInvis .   s - +1 falchion (flame)
rCold    x . .     Faith    .   (no shield)
rNeg     . . .     Spirit   .   b - +0 leather armour
rPois    ∞         Reflect  .   (no helmet)
rElec    .         Harm     .   (no cloak)
rCorr    .         Rampage  .   i - +0 pair of gloves
Will     .....                  (boots unavailable)
Stlth    +++.......             (no amulet)
HPRegen  0.00/turn              n - +6 ring of intelligence
MPRegen  0.00/turn              (no ring)

@: flying
A: fire resistance 2, cold vulnerability 1, float, innate caster, hp casting,
extra vitality 1, thin metallic scales 1, agile 1, blurry vision 1, inhibited
regeneration, strong 1
a: Renounce Religion


You were on level 4 of the Dungeon.
You worshipped Xom.
You were a very special plaything of Xom.
You visited 1 branch of the dungeon, and saw 5 of its levels.

You collected 176 gold pieces.

Inventory:

Hand Weapons
 a - a +0 falchion
 s - a +1 falchion of flaming (weapon)
Missiles
 h - 17 poisoned darts (quivered)
Armour
 b - a +0 leather armour (worn)
 i - a +0 pair of gloves (worn)
Jewellery
 n - a +6 ring of intelligence (right hand)
 q - a ring of fire
Wands
 g - a wand of digging (3)
Scrolls
 c - a scroll of fog
 e - a scroll of fear
 f - a scroll of identify
 j - a scroll of magic mapping
 k - 2 scrolls of teleportation
 l - a scroll of acquirement {unknown}
Potions
 d - a potion of curing
 p - a potion of might
 r - 2 potions of cancellation {unknown}
 t - a potion of berserk rage {unknown}


   Skills:
 + Level 5.8 Fighting
 + Level 5.8 Long Blades
 - Level 4.4 Dodging
 - Level 4.1 Stealth
 + Level 2.0 Spellcasting


You had 5 spell levels left.
You knew the following spells:

 Your Spells              Type           Power      Damage    Failure   Level
a - Freeze                Ice            36%        1d6       10%         1
b - Swiftness             Air            9%         N/A       14%         2
c - Wereblood             Tmut           9%         N/A       14%         2
Your spell library was empty.

Dungeon Overview and Level Annotations

Branches:
Dungeon (5/15)             Temple (0/1) D:4

Altars:
Dithmenos
Trog
Vehumet
Xom


Innate Abilities, Weirdness & Mutations

You are immune to poison.
Your flesh is very heat resistant. (rF++)
You are vulnerable to cold. (rC-)
You float through the air rather than walking.
You learn spells naturally, not from books.
Your magical power is your life essence.
You have superior vitality. (+4 HP)
You are partially covered in thin metallic scales. (AC +2)
You are agile. (Dex +2)
Scrolls take you a little longer to read.
You do not regenerate when monsters are visible.
Your muscles are strong. (Str +2)


Message History

Unknown command.
The gnoll is engulfed in seething chaos.
The gnoll shaman is engulfed in seething chaos.
The gnoll shaman flickers and vanishes!
Deactivating autopickup; reactivate with Ctrl-A.
The gnoll is engulfed in seething chaos. x2
The gnoll seems to speed up.
Unknown command.
You hit the gnoll. You burn the gnoll.
The gnoll is lightly wounded.
The gnoll is engulfed in seething chaos.
The gnoll seems to speed up.
The gnoll misses you.
You riposte.
You closely miss the gnoll.
The gnoll is lightly wounded.
The gnoll is engulfed in seething chaos.
The gnoll is moving more slowly.
The gnoll is engulfed in seething chaos.
The gnoll flickers and vanishes!
You hit the gnoll. You burn the gnoll.
The gnoll is moderately wounded.
The gnoll is engulfed in seething chaos.
Something barely misses you.
The gnoll is engulfed in seething chaos.
The gnoll seems to grow stronger.
Unknown command.
The gnoll barely misses you. Something hits you!
The gnoll hits you with a +0 club!
* * * LOW HITPOINT WARNING * * *
The gnoll stops moving altogether!
Something hits you.
* * * LOW HITPOINT WARNING * * *
Unknown command.
The gnoll barely misses you.
You see here a +0 hand axe.
The gnoll hits you with a +0 club.
* * * LOW HITPOINT WARNING * * *
The gnoll hits you from afar with a +0 halberd.
* * * LOW HITPOINT WARNING * * *
Something hits you!
You die...
Xom titters!

#####...#..#...§§§§..#......
#............###§§§§.#.....g
#......#..#..#.#.{§..##.<.gg
#...#....##.......g....##...
#####.......................
#......#.gg.....###(.....
##......##).##....#(......
##.........g.......#.......
##.......[.@........###.....
#...........###......##.....
#.........[.###.............
##............##..##.#......
#................######.....
#................# ###.....
##.........#.#...####.......
####..##...##...#....##......
###..#...#...###..###..........


You could see 4 gnolls.

Vanquished Creatures
  A black bear (D:4)
  A necrophage (D:4)
  A hound (D:3)
  An iguana (D:4)
  An orc wizard (D:3)
  A hound skeleton (D:4)
  4 gnolls
  4 adders
  An adder skeleton (D:4)
  2 worms
  3 dart slugs
  10 orcs
  4 ball pythons
  7 bats
  6 endoplasms
  3 giant cockroaches (D:1)
  3 goblins
  9 hobgoblins
  3 jackals (D:4)
  4 quokkas
  4 frilled lizards
  11 kobolds
  6 rats
90 creatures vanquished.

Notes
Turn   | Place    | Note
-------+----------+-------------------------------------------
     0 | D:5      | tsouns the Djinni Delver began the quest for the Orb.
     0 | D:5      | Reached XP level 1. HP: 20/20 MP: 0/0
    30 | D:3      | Found a bloodstained altar of Trog.
    66 | D:4      | Noticed a gnoll shaman
   127 | D:3      | Found a faded altar of an unknown god.
   135 | D:3      | Became a worshipper of Xom of Malevolent Giggling
   203 | D:3      | XOM: potion effect (experience)
   203 | D:3      | Reached skill level 5 in Long Blades
   203 | D:3      | Reached XP level 2. HP: 27/27 MP: 0/0
   212 | D:3      | XOM: potion effect (berserk rage)
   217 | D:3      | Reached XP level 3. HP: 32/32 MP: 0/0
   217 | D:3      | Learned a level 1 spell: Freeze
   387 | D:3      | Reached XP level 4. HP: 12/38 MP: 0/0
   491 | D:3      | XOM: silly message
   718 | D:3      | Reached skill level 5 in Fighting
   846 | D:1      | XOM: silly message
   851 | D:1      | XOM: divination: detect creatures
  1451 | D:1      | XOM: divination: magic mapping
  1551 | D:2      | XOM: silly message
  1554 | D:2      | Reached XP level 5. HP: 31/43 MP: 0/0
  1554 | D:2      | Learned a level 2 spell: Swiftness
  1750 | D:2      | Found a shadowy altar of Dithmenos.
  1785 | D:2      | XOM: divination: magic mapping
  1836 | D:2      | XOM: silly message
  2022 | D:2      | XOM: give mutation
  2022 | D:2      | Gained mutation: You are partially covered in thin metallic
                  | scales. (AC +2) [Xom's mischief]
  2269 | D:2      | XOM: scenery: summon butterflies
  2298 | D:2      | XOM: scenery: 2 doors close
  2490 | D:3      | XOM: 2-stop teleportation journey
  2534 | D:3      | XOM: butterfly on damage
  2536 | D:3      | XOM: enchant monster (good)
  2594 | D:3      | XOM: god gift: 16 gold pieces
  2683 | D:3      | XOM: give mutation
  2683 | D:3      | Gained mutation: Your muscles are strong. (Str +2) [Xom's
                  | grace]
  2943 | D:3      | Noticed Terence
  2944 | D:3      | XOM: confuse monster(s)
  2961 | D:3      | Noticed Terence
  2961 | D:3      | Terence changed into Terence the hound
  2961 | D:3      | XOM: polymorph Terence -> Terence the hound
  2969 | D:3      | Killed Terence the hound
  2970 | D:3      | Reached skill level 1 in Spellcasting
  3047 | D:3      | XOM: noise
  3056 | D:3      | XOM: summons 3 hostile demons
  3525 | D:4      | Noticed a necrophage
  3531 | D:4      | XOM: swap monsters
  3534 | D:4      | Reached XP level 6. HP: 47/49 MP: 0/0
  3540 | D:4      | Killed a necrophage
  3805 | D:4      | XOM: blink monster(s)
  3818 | D:4      | XOM: swap monsters
  4044 | D:4      | Noticed a black bear
  4103 | D:4      | Killed a black bear
  4104 | D:4      | Reached XP level 7. HP: 11/55 MP: 0/0
  4104 | D:4      | Learned a level 2 spell: Wereblood
  4238 | D:3      | XOM: give mutations
  4238 | D:3      | Gained mutation: You are agile. (Dex +2) [Xom's mischief]
  4238 | D:3      | Gained mutation: You occasionally shout uncontrollably at
                  | your foes. [Xom's mischief]
  4238 | D:3      | Gained mutation: Scrolls take you a little longer to read.
                  | [Xom's mischief]
  4238 | D:3      | Lost mutation: You occasionally shout uncontrollably at
                  | your foes. [Xom's mischief]
  4374 | D:4      | XOM: give mutation
  4374 | D:4      | Gained mutation: You do not regenerate when monsters are
                  | visible. [Xom's mischief]
  4535 | D:4      | XOM: 6-stop teleportation journey
  4542 | D:4      | XOM: torment (24/55 hp)
  4704 | D:4      | XOM: noise
  4790 | D:4      | Found a staircase to the Ecumenical Temple.
  4899 | D:4      | XOM: swap monsters
  4904 | D:4      | XOM: chaos cloud
  4917 | D:4      | HP: 1/55 [gnoll/+0 halberd (6)]
  4918 | D:4      | Mangled by a gnoll shaman

Illustrated notes

Levels and vault maps discovered:
D:1:      giann_forest_graveyard, layout_rooms
D:2:      layout_basic, nicolae_dithmenos_through_a_glass_darkly
D:3:      layout_loops_corners, nicolae_overflow_hidden_temple,
          nicolae_vehumet_altar_sigil, chequers_ecumenical_altar_island,
          uniq_terence
D:4:      layout_cave_pools, minmay_temple_entry_nine_rooms
D:5:      layout_cave_pods

Skill      XL: |  1  2  3  4  5  6  7 |
---------------+----------------------+-----
Long Blades    | 5 |  5.8
Fighting       | 4 5 |  5.8
Dodging        | 4 |  4.4
Spellcasting   | 1 2 |  2.0
Stealth        | |  4.1

Action                   |  1- 3 |  4- 6 |  7- 9 || total
-------------------------+-------+-------+-------++-------
Melee: Falchion          |    25 |   287 |    21 ||   333
Throw: Dart              |     3 |    18 |       ||    21
 Cast: Freeze            |     3 |       |       ||     3
       Swiftness         |       |     1 |       ||     1
  Use: Scroll            |     1 |       |     4 ||     5
       Potion            |       |     4 |       ||     4
 Stab: Sleeping          |       |     8 |     1 ||     9
       Paralysed         |       |     1 |       ||     1
Armor: Leather armour    |     2 |    87 |     5 ||    94
Dodge: Dodged            |    26 |   234 |    20 ||   280
       Rpst.: Falchion   |     6 |    58 |    10 ||    74

Table legend: (Time is in decaauts)
 A = Elapsed time spent in this place.
 B = Non-inter-level travel time spent in this place.
 C = Inter-level travel time spent in this place.
 D = Time resting spent in this place.
 E = Time spent auto-exploring this place.
 F = Levels seen in this place.
 G = Mean time per level.
                   A        B        C        D        E       F      G
               +--------+--------+--------+--------+--------+-----+--------+
         Total |   4925 |   4791 |    134 |    140 |   3582 |   5 |  985.0 |
       Dungeon |   4925 |   4791 |    134 |    140 |   3582 |   5 |  985.0 |
               +--------+--------+--------+--------+--------+-----+--------+

Top non-repeatable levels by time:
     D:3: 2224 daAuts
     D:4: 1021 daAuts
     D:2: 964 daAuts
     D:1: 710 daAuts
     D:5: 5 daAuts
